 Dungeon Crawl Stone Soup version 0.31.0-11-ge490571c62 (webtiles) character file.

Game seed: 6453945139583993663

41 RancidPinata the Sneak (level 3, -2/26 HPs)
             Began as an Octopode Delver on Feb 10, 2024.
             Slain by an orc
             ... wielding a +0 hand axe
              (5 damage)
             ... on level 5 of the Dungeon.
             The game lasted 00:02:24 (219 turns).

RancidPinata the Sneak (Octopode Delver)             Turns: 219, Time: 00:02:25

Health: -2/26      AC:  1    Str: 11    XL:     3   Next: 52%
Magic:  3/3        EV: 13    Int: 12    God:
Gold:   12         SH:  0    Dex: 15    Spells: 2/2 levels left

rFire   . . .        a - +0 short sword
rCold   . . .        (no shield)
rNeg    . . .        (helmet restricted)
rPois   .            (no amulet)
rElec   .            (no ring)
rCorr   .            (no ring)
SInv    .            (no ring)
Will    .....        (no ring)
Stlth   +++++        (no ring)
HPRegen 0.24/turn    (no ring)
MPRegen 0.08/turn    (no ring)
                     (no ring)

%: no passive effects
@: no status effects
A: almost no armour, amphibious, 8 rings, camouflage 1, gelatinous body 1,
(nimble swimmer 1), tentacles
a: no special abilities


You were on level 5 of the Dungeon.
You visited 1 branch of the dungeon, and saw 2 of its levels.

You collected 12 gold pieces.

Inventory:

Hand Weapons
 a - a +0 short sword (weapon)
Wands
 f - a wand of digging (3)
Scrolls
 b - a scroll of fog
 c - a scroll of revelation
 d - a scroll of fear
 g - a scroll of immolation {unknown}
Potions
 e - a potion of haste


   Skills:
 * Level 3.4 Fighting
 + Level 2.3 Short Blades
 * Level 2.6 Dodging
 * Level 7.1 Stealth


You had 2 spell levels left.
You didn't know any spells.
Your spell library contained the following spells:

 Spells                   Type           Power      Damage    Failure   Level
 Gell's Gravitas          Tloc           0%         N/A       69%         3
 Teleport Other           Tloc           0%         N/A       69%         3
 Dispersal                Tloc           0%         N/A       100%        6


Dungeon Overview and Level Annotations

Branches:
Dungeon (6/15)
 Temple: D:4-7

Altars:
Wu Jian

Annotations:
D:6 1 runed translucent door, turdburglar's ghost, novice DrSh


Innate Abilities, Weirdness & Mutations

You cannot wear most types of armour.
You are amphibious.
You can wear up to eight rings at the same time.
Your skin changes colour to match your surroundings (Stealth+).
Your rubbery body absorbs attacks. (AC +1, EV +1)
((You are camouflaged when in or above water. (Stealth+)))
You have tentacles for arms and can constrict up to eight enemies at once.


Message History

You have reached level 2!
You start resting.
HP restored.
You see here an adder corpse.
An iguana comes into view.
The orc shouts!
An orc warrior comes into view. It is wielding a +0 long sword.
A white imp comes into view.
The hound closely misses you. The hound bites you.
You barely miss the hound. You grab the hound. You squeeze the hound.
The hound is moderately wounded.
You constrict the hound. The hound misses you.
You hit the hound.
The hound is heavily wounded.
You constrict the hound. The hound bites you.
You hit the hound. You squeeze the hound.
The hound is severely wounded.
You constrict the hound. The hound bites you. x2
* * * LOW HITPOINT WARNING * * *
You barely miss the hound.
The hound is severely wounded.
You constrict the hound. The hound barely misses you.
You hit the hound but do no damage.
The hound is almost dead.
You constrict the hound. The hound bites you.
* * * LOW HITPOINT WARNING * * *
You hit the hound.
You kill the hound!
The orc closely misses you.
Your Stealth skill increases to level 7!
You have reached level 3!
Your experience leads to an increase in your attributes!
Increase (S)trength, (I)ntelligence, or (D)exterity?
Uppercase letters only, please.
You feel agile. x2
Okay, then.
Okay, then.
You hit the orc but do no damage. You grab the orc. You constrict the orc.
The orc hits you with a +0 hand axe.
You die...

#.......##......#
+...............#
#...............#
#.....>.........#
##......##......#
######+##......##
##.....##..##....#
#......#8..8#....#
#†.....o@†......####### .
#........>......##....##. ...
##.....#8..8######.......
....##.....##..##...#.......P
.o............#......#.......P
..o..........................P
.l............................
...o.##.....#############....P
..... ##+#..# #..[..


You could see an orc.

Vanquished Creatures
  A hound (D:5)
  An adder (D:5)
2 creatures vanquished.

Notes
Turn   | Place    | Note
-------+----------+-------------------------------------------
     0 | D:5      | RancidPinata the Octopode Delver began the quest for the
                  | Orb.
     0 | D:5      | Reached XP level 1. HP: 16/16 MP: 1/1
    23 | D:6      | Found an ornate altar of the Wu Jian Council.
    56 | D:6      | Found a runed translucent door.
    56 | D:6      | Noticed turdburglar's ghost (novice DrSh)
    73 | D:6      | Noticed an ice beast
    77 | D:5      | Noticed a hound
   123 | D:5      | Noticed a scorpion
   138 | D:5      | Noticed a centaur
   170 | D:5      | Reached XP level 2. HP: 15/21 MP: 2/2
   206 | D:5      | Noticed an orc warrior
   219 | D:5      | Reached skill level 7 in Stealth
   219 | D:5      | Reached XP level 3. HP: 3/26 MP: 3/3
   219 | D:5      | Slain by an orc

Illustrated notes

Levels and vault maps discovered:
D:5:      layout_gridville, gammafunk_ghost_mausoleum, roderic_roman_lattice,
          serial_bayou_pond_c, hex_medium, st_stairs_6, uniq_menkaure, uniq_ijyb
D:6:      layout_rooms, nicolae_wu_jian_immortal_techniques, dk_xom_monty_hall,
          nicolae_tso_swordbearing_angel, enter_ossuary_3,
          gammafunk_ghost_grave, uniq_eustachio

Skill      XL: |  1  2 |
---------------+-------+-----
Stealth        | 7 |  7.1
Fighting       | |  3.4
Short Blades   | |  2.3
Dodging        | |  2.6

Action                     || total
---------------------------++-------
  Melee: Short sword       ||    14
         Tentacles         ||     3
         Constrict         ||     3
 Armour: Skin              ||    10
  Dodge: Dodged            ||     9
